 Dungeon Crawl Stone Soup version 0.26-a0-64-g059e62fbdb (webtiles) character file.

Game seed: 10264680971945587942

0 Gargoyl the Skirmisher (level 1, -9/22 HPs)
             Began as a Centaur Abyssal Knight on June 11, 2020.
             Was a Follower of Lugonu.
             Mangled by a large abomination (18 damage)
             ... on level 2 of the Abyss.
             The game lasted 00:00:42 (148 turns).

Gargoyl the Skirmisher (Centaur Abyssal Knight)      Turns: 148, Time: 00:00:43

Health: -9/22      AC: 20    Str: 14    XL:     1   Next: 0%
Magic:  2/2        EV:  1    Int: 11    God:    Lugonu [*.....]
Gold:   9          SH:  0    Dex:  8    Spells: 0/0 levels left

rFire    . . .     SeeInvis .   a - +1 hand axe
rCold    . . .     Gourm    .   (no shield)
rNeg     + + +     Faith    .   (armour currently unavailable)
rPois    +         Spirit   .   (helmet currently unavailable)
rElec    .         Reflect  .   (cloak currently unavailable)
rCorr    .         Harm     .   (gloves currently unavailable)
MR       .....     Rnd*Rage +   (no barding) Stlth +.........NoTele +
                                (no amulet)
HPRegen  0.07/turn              (no ring)
MPRegen  0.08/turn              (no ring)

@: tree-form
A: large, [berserk 3], [deterioration 2], [frail 2]
a: Depart the Abyss, Renounce Religion


You were on level 2 of the Abyss.
You worshipped Lugonu.
Lugonu was aware of your devotion.
You were not hungry.
You were a tree.
You visited 0 branches of the dungeon, and saw 0 of its levels.
You visited the Abyss 1 time.

You collected 9 gold pieces.

Inventory:

Hand Weapons
 a - a +1 hand axe (weapon)
Armour
 b - a +0 leather armour (melded)
Potions
 d - a potion of magic
Comestibles
 c - 2 rations


   Skills:
 + Level 3.0 Fighting
 + Level 1.7 Axes
 + Level 1.3 Armour
 + Level 0.6 Dodging
 + Level 2.0 Invocations


You couldn't memorise any spells.
You didn't know any spells.
Your spell library was empty.

Dungeon Overview and Level Annotations

Branches:
Dungeon (0/15)

Altars:


Innate Abilities, Weirdness & Mutations

((You have hooves in place of feet.))
((Armour fits poorly on your strangely shaped body.))
((You cover ground very quickly.))
((You have extremely tough skin. (AC +3)))
[You have an uncontrollable temper.]
[Your body often deteriorates upon taking damage.]
[You are very frail. (-20% HP)]


Message History

The small abomination is moderately damaged.
The small abomination hits you but does no damage.
The wretched star pulses with an eldritch light!
You feel yourself wasting away.
You feel your body start to fall apart.
The small abomination hits you but does no damage.
Unknown command.
You closely miss the small abomination.
The small abomination is moderately damaged.
The small abomination hits you but does no damage.
The wretched star pulses with an eldritch light!
You feel extremely angry at everything!
Unknown command.
You hit the small abomination.
The small abomination is moderately damaged.
You hit the large abomination but do no damage.
The small abomination hits you!
Ouch! That really hurt!
The large abomination hits you!!
Ouch! That really hurt!
You die...

#......... .... .
#.###.#...#...# #
...#.#.#..#### #.
......#....#.# #.
##.......#.#..
...#....*......#
.####..#.#...#..#..#
_...####.Xx...#..#..
.
........♣.#####....
.###.....#.#.# . . #
#.#.#....## .. ## ..
#.#....## .## ..#
#.##.... # .. .#....
.# .##§#. #. .. #.#§


You could see a wretched star, a large abomination and a small abomination.

Vanquished Creatures (others)
  2 starspawn tentacles (Abyss:2)
2 creatures vanquished.

Notes
Turn   | Place    | Note
-------+----------+-------------------------------------------
     0 | Abyss:1  | Gargoyl the Centaur Abyssal Knight began the quest for the
                  | Orb.
     0 | Abyss:1  | Reached XP level 1. HP: 19/19 MP: 2/2
    97 | Abyss:2  | Noticed a large abomination
    97 | Abyss:2  | Noticed a small abomination
   101 | Abyss:2  | Noticed a large abomination
   101 | Abyss:2  | Noticed a wretched star
   102 | Abyss:2  | Noticed a large abomination
   103 | Abyss:2  | Noticed a thrashing horror
   105 | Abyss:2  | Noticed a tentacled starspawn
   110 | Abyss:2  | Noticed a fire bat
   134 | Abyss:2  | Found a corrupted altar of Lugonu.
   148 | Abyss:2  | Mangled by a large abomination

Illustrated notes

Levels and vault maps discovered:
Abyss:2:  onia_ninara_dug_in_and_dangerous

Action                   || total
-------------------------++-------
Melee: Hand axe          ||     3
  Use: Scroll            ||     2
       Potion            ||     1
Armor: Skin              ||     3

Table legend:
 A = Non-vault XP
 B = Vault XP
 C = Vault XP percentage of total XP
 D = Non-vault monster count
 E = Vault monster count
 F = Vault count percentage of total count
                 A         B        C        D         E       F
            +---------+---------+-------+---------+---------+-------
      Total |       0 |       0 |   N/A |       0 |       0 |  -nan
            +---------+---------+-------+---------+---------+-------
            +---------+---------+-------+---------+---------+-------
